 Dungeon Crawl Stone Soup version 0.25-a0-667-gb977e01cb5 (webtiles) character file.

Game seed: 11685898669902161484, levelgen mode: deterministic

175 sanka the Gouger (level 5, 24/24 HPs)
             Began as a Felid Wanderer on Mar 27, 2020.
             Was an Initiate of Okawaru.
             Quit the game on level 7 of the Dungeon.
             The game lasted 00:08:34 (7309 turns).

sanka the Gouger (Felid Wanderer)                   Turns: 7309, Time: 00:08:35

Health: 24/24      AC:  2    Str:  7    XL:     5   Next: 29%
Magic:  15/15      EV: 15    Int: 13    God:    Okawaru [......]
Gold:   257        SH:  0    Dex: 16    Spells: 4/4 levels left
                                        Lives:  0   Deaths: 1

rFire    . . .     SeeInvis +     - Unarmed
rCold    . . .     Gourm    .   (shield unavailable)
rNeg     . . .     Faith    .   (armour unavailable)
rPois    .         Spirit   .   (helmet unavailable)
rElec    .         Reflect  .   (cloak unavailable)
rCorr    .         Harm     .   (gloves unavailable)
MR       .....                  (boots unavailable)
Stlth    ++........             (no amulet)
HPRegen  0.08/turn              j - ring of magical power
MPRegen  0.14/turn              k - -3 ring of strength (curse)

@: quick
A: very small, no armour, no weapons or thrown items, stealth, claws 1, fangs 3,
see invisible, carnivore, speed 1, shaggy fur 2, slow metabolism 1, sharp paws
a: Renounce Religion


You were on level 7 of the Dungeon.
You worshipped Okawaru.
Okawaru was noncommittal.
You were not hungry.

You visited 2 branches of the dungeon, and saw 7 of its levels.

You collected 257 gold pieces.


Innate Abilities, Weirdness & Mutations

You cannot wear armour.
You are incapable of wielding weapons or throwing items.
Your paws allow you to move quietly. (Stealth)
You have sharp claws.
You have razor-sharp teeth.
You have supernaturally acute eyesight. (SInv)
You are carnivorous and can eat meat at any time.
You cover ground quickly.
You are covered in thick fur. (AC +2)
You have a slow metabolism.
Your sharp claws are effective at attacking unaware monsters.


   Skills:
 - Level 3.0 Fighting
 - Level 1.3 Stealth
 + Level 8.2 Unarmed Combat
   Level 1.1 Evocations


You had 4 spell levels left.
You didn't know any spells.
Your spell library was empty.

Inventory:

Jewellery
 j - a ring of magical power (left paw)
 k - a cursed -3 ring of strength (right paw)
Scrolls
 a - 3 scrolls of fear
 b - 2 scrolls of teleportation {@r4}
 f - a scroll of random uselessness {unknown}
 g - 2 scrolls of immolation {unknown}
 h - a scroll of fog
 l - a scroll of noise {unknown}
 m - a scroll of remove curse {unknown}
Potions
 e - 4 potions of heal wounds {@q2}
 i - a potion of flight
Comestibles
 c - 3 chunks of flesh
 d - 2 rations

Dungeon Overview and Level Annotations

Branches:
Dungeon (7/15)             Temple (1/1) D:6

Altars:
Ashenzari
Dithmenos
Elyvilon
Fedhas
Gozag
Hepliaklqana
Kikubaaqudgha
Makhleb
Nemelex Xobeh
Okawaru
Qazlal
Ru
Sif Muna
Trog
Uskayaw
Vehumet
Wu Jian
Xom
Yredelemnul
Zin
The Shining One

Annotations:
D:3 exclusion: orc priest
D:4 exclusion: orc priest
D:7 Pikel ..▒▒▒▒▒▒▒▒▒▒▒▒ (......h.....▒ ▒▒▒▒▒▒▒▒▒▒▒▒.▒

There were no monsters in sight!


Message History

You bite the orc, but do no damage. The slave hits you!
The slave closely misses you.
A slave comes into view.
The slave barely misses you.
Found 14 arrows.
The slave hits you.
A bullfrog comes into view.
The slave barely misses you.
Found a scroll labeled XYAVUE SAFO.
A sky beast comes into view.
A phantom comes into view.
Pikel says, "I'm sure they'll be treated well, anyway."
Found a ration.
You barely miss the bullfrog.
The bullfrog croaks.
The bullfrog closely misses you. The slave closely misses you.
The bullfrog closely misses you. The bullfrog hits you. The phantom hits you!
* * * LOW HITPOINT WARNING * * *
The bullfrog snags a nearby small bird with its tongue.
The bullfrog hits you!
You die...
You are now level 5!
You rejoin the land of the living...
Found 18 stones.
Unknown command.
Are you sure you want to abandon this character and quit the game? (Confirm with "yes".)

Action                   |  1- 3 |  4- 6 || total
-------------------------+-------+-------++-------
Melee: Unarmed           |    93 |   174 ||   267
       Bite              |     3 |    13 ||    16
       Punch             |     1 |     2 ||     3
  Use: Scroll            |     2 |       ||     2
       Potion            |       |     3 ||     3
 Stab: Distracted        |     2 |       ||     2
       Sleeping          |     2 |     9 ||    11
  Eat: Chunk             |    11 |     9 ||    20
Armor: Skin              |     3 |    13 ||    16
Dodge: Dodged            |    44 |   118 ||   162

Levels and vault maps discovered:
D:1:      matt_arrival_refuge, layout_basic
D:2:      layout_basic, minivault_19, fedhas_altar_2
D:3:      layout_basic, kiku_gazebo_garden_becter,
          chequers_ecumenical_altar_simple_redux, grunt_ministairs_9,
          roderic_lattice_a, nicolae_ashenzari_panopticon, uniq_robin
D:4:      layout_basic, lemuel_round_altar, serial_shops, shop,
          minmay_misc_feat_secret_circle
D:6:      layout_rooms, minmay_temple_entry_from_below_b
D:7:      layout_basic, serial_shops, nicolae_shop_waterfront,
          chequers_serial_rivers_marsh, grunt_ogre_cave, wad_floor_pattern_1,
          xom_shifter_show, uniq_crazy_yiuf_cottage, uniq_pikel
Temple:   regret_index_temple_chain_breaker

Notes
Turn   | Place    | Note
-------+----------+-------------------------------------------
     0 | D:1      | sanka the Felid Wanderer began the quest for the Orb.
     0 | D:1      | sanka set off with the following items: 2 scrolls of fear,
                  | a scroll of teleportation {@r4}, a potion of curing {@q1},
                  | a ration
     0 | D:1      | Reached XP level 1. HP: 10/10 MP: 2/2
   110 | D:1      | HP: 1/10 [hobgoblin/+0 club (5)]
   519 | D:1      | Reached XP level 2. HP: 11/14 MP: 3/3
  1775 | D:2      | Reached XP level 3. HP: 17/17 MP: 4/4
  1897 | D:2      | Reached skill level 6 in Unarmed Combat
  2821 | D:2      | Noticed a sky beast
  3253 | D:2      | Found a blossoming altar of Fedhas.
  3504 | D:3      | Reached XP level 4. HP: 21/21 MP: 5/5
  3833 | D:3      | HP: 1/21 [orc wizard/puff of flame (4)]
  5135 | D:3      | Reached skill level 7 in Unarmed Combat
  5146 | D:3      | HP: 2/21 [jackal (3)]
  5452 | D:3      | Noticed Robin
  5470 | D:3      | Killed Robin
  5470 | D:3      | Reached XP level 5. HP: 10/24 MP: 6/6
  5937 | D:3      | Noticed a phantom
  5944 | D:3      | Found a faded altar of an unknown god.
  6133 | D:3      | Found a shattered altar of Ashenzari.
  6313 | D:3      | Found an ancient bone altar of Kikubaaqudgha.
  7106 | D:7      | Reached skill level 8 in Unarmed Combat
  7106 | D:7      | Gained mutation: You are covered in thick fur. (AC +2)
                  | [Felid growth]
  7106 | D:7      | Reached XP level 6. HP: 28/28 MP: 7/7
  7124 | D:7      | Found a shimmering altar of Xom.
  7124 | D:7      | Found a shimmering altar of Xom.
  7125 | D:7      | Found a shimmering altar of Xom.
  7126 | D:7      | Found a shimmering altar of Xom.
  7126 | D:7      | Noticed a slave
  7126 | D:7      | Noticed an orc warrior
  7126 | D:7      | Noticed Pikel
  7139 | D:6      | Found a staircase to the Ecumenical Temple.
  7149 | Temple   | Entered the Ecumenical Temple
  7273 | Temple   | Became a worshipper of Warmaster Okawaru
  7292 | D:7      | Noticed a slave
  7294 | D:7      | Noticed a slave
  7300 | D:7      | Noticed a sky beast
  7308 | D:7      | Slain by a bullfrog
  7309 | D:7      | Reached XP level 5. HP: 0/24 MP: 15/15
  7309 | D:7      | Quit the game

Vanquished Creatures
  A scorpion (D:4)
  A jelly (D:6)
  A hound (D:7)
  An orc wizard (D:3)
  2 worker ants
  Robin (D:3)
  5 adders
  3 worms
  2 leopard geckos (D:1)
  10 orcs
  4 bats
  A giant cockroach (D:3)
  17 goblins
  12 hobgoblins
  5 jackals (D:3)
  2 quokkas
  A ball python (D:4)
  3 frilled lizards
  5 kobolds
  A leopard gecko skeleton (D:4)
  7 rats
85 creatures vanquished.
